 Dungeon Crawl Stone Soup version 0.27.1-2-g3b301248ec (webtiles) character file.

Game seed: 796757985213215351

1087 Descartes the Shield-Bearer (level 8, -2/58 HPs)
             Began as a Deep Elf Wanderer on Oct 3, 2021.
             Slain by a two-headed ogre (15 damage)
             ... on level 5 of the Dungeon.
             The game lasted 00:14:12 (6736 turns).

Descartes the Shield-Bearer (Deep Elf Wanderer)     Turns: 6736, Time: 00:14:12

Health: -2/58      AC:  3    Str:  8    XL:     8   Next: 9%
Magic:  14/16      EV: 12    Int: 22    God:
Gold:   209        SH:  5    Dex: 13    Spells: 11/15 levels left

rFire    . . .     SeeInvis .   w - +5 falchion
rCold    + . .     Faith    .   d - +0 buckler
rNeg     . . .     Spirit   .   b - +0 robe
rPois    .         Reflect  .   (no helmet)
rElec    .         Harm     .   (no cloak)
rCorr    .         Rampage  .   (no gloves)
Will     .....                  r - +0 pair of boots
Stlth    ++........             C - amulet of Vitality {Regen+ HP+15}
HPRegen  1.19/turn              f - ring of protection from cold
MPRegen  0.15/turn              (no ring)

@: no status effects
A: wild magic 1
a: no special abilities


You were on level 5 of the Dungeon.
You visited 2 branches of the dungeon, and saw 7 of its levels.

You collected 209 gold pieces.

Inventory:

Hand Weapons
 v - a +0 dagger of freezing
 w - a +5 falchion (weapon)
Missiles
 g - 164 stones (quivered)
 i - 64 arrows
 n - 111 sling bullets
 o - 50 bolts
 t - 15 boomerangs
Armour
 b - a +0 robe (worn)
 c - a +0 kite shield
 d - a +0 buckler (worn)
 r - a +0 pair of boots (worn)
Jewellery
 f - a ring of protection from cold (left hand)
 s - a ring of ice
 C - the amulet of Vitality (around neck) {Regen+ HP+15}
   (You found it on level 5 of the Dungeon)

   [amulet of regeneration]

   HP:        It affects your health (+15).
   Regen:     It increases your rate of health regeneration.
Wands
 k - a wand of acid (4)
Scrolls
 e - 2 scrolls of identify
 h - 3 scrolls of magic mapping {unknown}
 j - 2 scrolls of fog {unknown}
 l - 2 scrolls of immolation
 m - a scroll of enchant armour {unknown}
 p - a scroll of summoning {unknown}
 q - a scroll of vulnerability {unknown}
 u - 2 scrolls of teleportation {unknown}
 y - a scroll of enchant weapon {unknown}
 z - 2 scrolls of noise {unknown}
 D - a scroll of blinking {unknown}
Potions
 a - a potion of magic
 x - a potion of lignification {unknown}
 A - 3 potions of curing
 B - a potion of attraction


   Skills:
 - Level 1.5 Fighting
 - Level 1.2 Dodging
 - Level 1.2 Stealth
 * Level 5.9 Shields
 - Level 4.4 Spellcasting
 - Level 5.0 Conjurations
 - Level 5.0 Fire Magic


You had 11 spell levels left.
You knew the following spells:

 Your Spells              Type           Power      Damage    Failure   Level
a - Foxfire               Conj/Fire      100%       2x1d9     2%          1
b - Magic Dart            Conj           100%       1d8       2%          1
c - Searing Ray           Conj           68%        3d5       3%          2

Your spell library contained the following spells:

 Spells                   Type           Power      Damage    Failure   Level
 Conjure Flame            Conj/Fire      34%        6-21      7%          3
 Sublimation of Blood     Necr           3%         N/A       22%         2
 Fulminant Prism          Conj/Hex       10%        3d9       45%         4
 Petrify                  Tmut/Erth      6%         N/A       78%         4
 Irradiate                Conj/Tmut      10%        3d17      78%         5


Dungeon Overview and Level Annotations

Branches:
Dungeon (6/15)             Temple (1/1) D:5

Altars:
Ashenzari
Cheibriados
Elyvilon
Fedhas
Kikubaaqudgha
Makhleb
Nemelex Xobeh
Okawaru
Qazlal
Sif Muna
Trog
Uskayaw
Vehumet
Wu Jian
Zin
The Shining One

Annotations:
D:4 1 runed translucent door, Kinoniko's ghost, amateur DsBe
D:5 2 transporters, Sopaderocas's ghost, novice MfTm


Innate Abilities, Weirdness & Mutations

Your spells are a little harder to cast, but a little more powerful.


Message History

There is a transporter here.
There is a transporter landing site here.
Sopaderocas's ghost ripples.
There is a stone staircase leading down here.
You climb downwards.
There is a stone staircase leading up here.
You open the door. 2 orcs and an orc warrior come into view.
The orc shouts!
You hear two shouts!
A two-headed ogre comes into view. It is wielding two +0 giant clubs.
The orc shouts!
There is a stone staircase leading up here.
Casting: Magic Dart (safe; 2% risk of failure)
Confirm with . or Enter, or press ? or * to list all spells.
You conjure some foxfire!
Casting: Foxfire (safe; 2% risk of failure)
Confirm with . or Enter, or press ? or * to list all spells.
There is not enough space to conjure foxfire!
The foxfire hits the two-headed ogre.
The two-headed ogre is lightly wounded.
The two-headed ogre closely misses you.
The two-headed ogre hits you with a +0 giant club!
You climb upwards.
Level annotation: 2 transporters, Sopaderocas's ghost, novice MfTm
There is a stone staircase leading down here.
Casting: Foxfire (safe; 2% risk of failure)
Confirm with . or Enter, or press ? or * to list all spells.
You conjure some foxfire!
The two-headed ogre hits you with a +0 giant club!!
The two-headed ogre barely misses you.
Casting: Foxfire (safe; 2% risk of failure)
Confirm with . or Enter, or press ? or * to list all spells.
You conjure some foxfire!
The foxfire hits the two-headed ogre.
The two-headed ogre is lightly wounded.
The foxfire hits the two-headed ogre but does no damage.
The two-headed ogre is lightly wounded.
The two-headed ogre hits you with a +0 giant club!
* * * LOW HITPOINT WARNING * * *
The two-headed ogre hits you with a +0 giant club!
You die...

..##.....###...#.................
)..............#.......P...####..
..##.....###........####...#.)#..
..##.....# #...#....#..)...#[.#.#
..##.....# ###.#....#..#..##'##.#
..##...#########..#.####..#...#.#
..##...#O....©##..#.......#...#.#
####"..#W.##..#.§§#...)...))..#.#
#...#.#..# #v@.#.#'##..##'##.#
#.#.#.#..#.#vO.#.#..#...#..#.#
#..©#..##..##.##.#..#...#..#.#
#...#(....©#.>...#..#...####.#
##.©#(.##..####..##'##.....P..
##.#.#..#. #..P#..#.....)).
#.#.#..# #..P#..#..##'#..
#.#..##.. #...#'##..#..#..
#.#...... #..P#..#..#..#..


You could see a two-headed ogre (ally target).

Vanquished Creatures
  An unseen horror (D:5)
  An ice beast (D:5)
  A necrophage (D:5)
  2 scorpions
  A water moccasin zombie (D:4)
  2 centaur zombies (D:5)
  2 hounds (D:5)
  2 orc priests
  An iguana (D:5)
  Ijyb (D:4)
  A statue (D:5)
  A hound skeleton (D:5)
  7 gnolls
  2 adders (D:3)
  An adder skeleton (D:5)
  A worm (D:3)
  2 dart slugs (D:1)
  19 orcs
  8 ball pythons
  5 endoplasms
  3 giant cockroaches (D:1)
  8 goblins
  8 hobgoblins
  4 jackals (D:3)
  8 kobolds
  2 quokkas (D:3)
  5 bats
  4 frilled lizards
  2 rats (D:1)
105 creatures vanquished.

Vanquished Creatures (collateral kills)
  A foxfire (D:5)
1 creature vanquished.

Vanquished Creatures (others)
  460 foxfires
460 creatures vanquished.

Grand Total: 566 creatures vanquished

Notes
Turn   | Place    | Note
-------+----------+-------------------------------------------
     0 | D:1      | Descartes the Deep Elf Wanderer began the quest for the
                  | Orb.
     0 | D:1      | Descartes set off with the following items: a +0 dagger, a
                  | +0 robe, a +0 kite shield; and the following spells
                  | available to memorise: Foxfire, Conjure Flame
     0 | D:1      | Reached XP level 1. HP: 12/12 MP: 7/7
    28 | D:1      | Learned a level 1 spell: Foxfire
   216 | D:1      | Reached XP level 2. HP: 16/16 MP: 2/9
   942 | D:1      | Reached skill level 1 in Conjurations
   986 | D:1      | Reached XP level 3. HP: 20/20 MP: 7/10
  1057 | D:1      | Found a faded altar of an unknown god.
  1585 | D:2      | Learned a level 1 spell: Magic Dart
  1588 | D:2      | Learned a level 2 spell: Searing Ray
  2242 | D:3      | Found a glowing silver altar of Zin.
  2501 | D:3      | Reached XP level 4. HP: 25/25 MP: 6/12
  2806 | D:3      | Found a glowing golden altar of the Shining One.
  3306 | D:4      | Noticed a scorpion
  3315 | D:4      | Killed a scorpion
  3316 | D:4      | Reached XP level 5. HP: 15/29 MP: 7/13
  3350 | D:4      | Gained mutation: Your spells are a little harder to cast,
                  | but a little more powerful. [potion of mutation]
  3511 | D:4      | Found a runed translucent door.
  3511 | D:4      | Noticed Kinoniko's ghost (amateur DsBe)
  3612 | D:4      | Noticed Ijyb
  3621 | D:4      | Killed Ijyb
  3622 | D:4      | Reached skill level 5 in Fire Magic
  3692 | D:4      | Reached XP level 6. HP: 34/34 MP: 8/14
  4322 | D:5      | Entered Level 5 of the Dungeon
  4453 | D:5      | Reached skill level 5 in Conjurations
  4502 | D:5      | Reached XP level 7. HP: 36/38 MP: 9/15
  4869 | D:5      | Found a staircase to the Ecumenical Temple.
  4880 | Temple   | Entered the Ecumenical Temple
  5519 | D:5      | Found the amulet of Vitality {Regen+ HP+15}
  5521 | D:5      | Noticed Sopaderocas's ghost (novice MfTm)
  5524 | D:5      | Found a transporter.
  5557 | D:5      | Found a transporter.
  5594 | D:5      | Killed an unseen horror
  5595 | D:5      | Reached skill level 5 in Shields
  5845 | D:5      | Reached XP level 8. HP: 43/43 MP: 10/16
  5920 | D:5      | Found a radiant altar of Vehumet.
  6080 | D:5      | Found a white marble altar of Elyvilon.
  6722 | D:6      | Noticed a two-headed ogre
  6736 | D:5      | Slain by a two-headed ogre

Illustrated notes

Levels and vault maps discovered:
D:1:      doesnt_arrival_eight_statues, layout_basic,
          dilly_ecumenical_altar_fadedgnrine
D:2:      layout_basic, minmay_misc_feat_rugged
D:3:      layout_loops_cross, nicolae_tso_swordbearing_angel, zin_scriptorium
D:4:      layout_basic, gammafunk_ghost_grave, uniq_ijyb
D:5:      corexii_shack_village, layout_basic, nicolae_elyvilon_temple_path,
          vehumet_statue, minmay_temple_entry_waves, gammafunk_ghost_smash,
          st_stairs_11
D:6:      layout_basic, nicolae_overflow_crystal_walls, gammafunk_ghost_hive,
          minmay_holes
Temple:   minmay_temple_forest_path

Skill      XL: |  1  2  3  4  5  6  7 |
---------------+----------------------+-----
Fire Magic     | 3 4 5 |  5.0
Conjurations   | 1 2 3 5 |  5.0
Shields        | 2 3 5 |  5.9
Fighting       | |  1.5
Dodging        | |  1.2
Stealth        | |  1.2
Spellcasting   | |  4.4

Action                   |  1- 3 |  4- 6 |  7- 9 || total
-------------------------+-------+-------+-------++-------
Melee: Dagger            |    25 |     5 |       ||    30
       Falchion          |       |    16 |     3 ||    19
 Cast: Foxfire           |    96 |    94 |   104 ||   294
       Magic Dart        |       |       |    10 ||    10
  Use: Scroll            |       |     4 |       ||     4
       Potion            |       |     4 |       ||     4
Armor: Robe              |     5 |     4 |     3 ||    12
Dodge: Dodged            |    20 |    29 |    17 ||    66
Block: Buckler           |     3 |     7 |    12 ||    22
       Rpst.: Falchion   |       |     5 |     6 ||    11
